 Dungeon Crawl Stone Soup version 0.21.1-1-g345015fe64 (webtiles) character file.

53 Revguard the Shield-Bearer (level 3, 0/33 HPs)
             Began as a Minotaur Fighter on June 28, 2018.
             Slain by Crazy Yiuf
             ... wielding a +4 quarterstaff of chaos
              (6 damage)
             ... on level 2 of the Dungeon.
             The game lasted 00:06:59 (1010 turns).

Revguard the Shield-Bearer (Minotaur Fighter)       Turns: 1010, Time: 00:06:59

Health: 0/33       AC:  9    Str: 20    XL:     3   Next: 62%
Magic:  2/2        EV:  7    Int:  5    God:
Gold:   62         SH: 12    Dex: 10    Spells: 2/2 levels left

rFire    . . .     SeeInvis .   a - +0 long sword
rCold    . . .     Gourm    .   c - +0 shield
rNeg     . . .     Faith    .   b - +0 scale mail
rPois    .         Spirit   .   (helmet unavailable)
rElec    .         Reflect  +   n - +0 cloak
rCorr    .         Harm     .   (no gloves)
MR       .....                  h - +0 pair of boots
Stlth    ..........             i - +3 amulet of reflection
HPRegen  0.11/turn              (no ring)
MPRegen  0.08/turn              (no ring)

@: no status effects
A: retaliatory headbutt, horns 3, mutation resistance 1
a: no special abilities


You were on level 2 of the Dungeon.
You were not hungry.

You visited 1 branch of the dungeon, and saw 2 of its levels.

You collected 62 gold pieces.

Inventory:

Hand Weapons
 a - a +0 long sword (weapon)
Armour
 b - a +0 scale mail (worn)
 c - a +0 shield (worn)
 h - a +0 pair of boots (worn)
 n - a +0 cloak (worn)
Jewellery
 i - a +3 amulet of reflection (around neck)
Scrolls
 g - a scroll of remove curse {unknown}
 j - 2 scrolls of teleportation {unknown}
 l - a scroll of random uselessness {unknown}
 m - 2 scrolls of identify {unknown}
 o - 4 scrolls of magic mapping {unknown}
Potions
 d - a potion of might
 k - a potion of lignification {unknown}
Comestibles
 f - 4 rations


   Skills:
 + Level 4.2 Fighting
 + Level 2.9 Long Blades
 + Level 4.3 Armour
 + Level 0.2 Dodging
 + Level 4.3 Shields


You had 2 spell levels left.
You didn't know any spells.

Dungeon Overview and Level Annotations

Branches:
Dungeon (2/15)

Altars:

Annotations:
D:2 Crazy Yiuf


Innate Abilities, Weirdness & Mutations

You reflexively headbutt those who attack you in melee.
You have a pair of large horns on your head.
You are somewhat resistant to further mutation.


Message History

You hit Crazy Yiuf but do no damage.
Crazy Yiuf is severely wounded.
You block Crazy Yiuf's attack.
You barely miss Crazy Yiuf.
Crazy Yiuf is severely wounded.
You block Crazy Yiuf's attack.
Your shield prevents you from hitting Crazy Yiuf.
Crazy Yiuf is severely wounded.
Crazy Yiuf hits you with a quarterstaff of chaos.
* * * LOW HITPOINT WARNING * * *
Space bends around you.
* * * LOW HITPOINT WARNING * * *
Crazy Yiuf hits you but does no damage.
Unknown command.
It was a potion of mutation.
You feel extremely strange. The horns on your head grow some more.
You feel genetically stable.
You slash Crazy Yiuf!
Crazy Yiuf is almost dead.
Crazy Yiuf hits you with a quarterstaff of chaos.
You die...

♣♣♣♣♣## #### ♣♣♣.♣...###
#...#♣..♣......##
#..g@.♣♣♣♣♣.....# #)..#♣♣
♣..#..##### #### ♣♣##.......
#####... #####... .
########...#... .. #####
#..........#...
...##...#######..........#...
.............................


You could see Crazy Yiuf.

Vanquished Creatures
  2 adders (D:2)
  2 dart slugs (D:1)
  2 leopard geckos (D:1)
  3 bats (D:1)
  2 giant cockroaches
  8 goblins
  4 hobgoblins
  A frilled lizard (D:1)
  4 kobolds
  A rat (D:2)
29 creatures vanquished.

Notes
Turn   | Place    | Note
-------+----------+-------------------------------------------
     0 | D:1      | Revguard the Minotaur Fighter began the quest for the Orb.
     0 | D:1      | Reached XP level 1. HP: 19/19 MP: 0/0
   164 | D:1      | Reached XP level 2. HP: 27/27 MP: 1/1
   729 | D:2      | Reached XP level 3. HP: 33/33 MP: 2/2
   998 | D:2      | Found a runed door.
  1002 | D:2      | Noticed Crazy Yiuf
  1009 | D:2      | Gained mutation: You have a pair of large horns on your head. [potion of mutation]
  1009 | D:2      | Gained mutation: You are somewhat resistant to further mutation. [potion of mutation]
  1010 | D:2      | Slain by Crazy Yiuf

Skill      XL: |  1  2 |
---------------+-------+-----
Fighting       | 4 |  4.2
Armour         | 4 |  4.3
Shields        | 4 |  4.3
Long Blades    | |  2.9
Dodging        | |  0.2

Action                   || total
-------------------------++-------
Melee: Long sword        ||    75
       Headbutt          ||     7
  Use: Potion            ||     1
Armor: Scale mail        ||    27
Dodge: Dodged            ||    22
Block: Shield            ||    39
       Reflection        ||     1
       Rpst.: Long sword ||     8
